 Dungeon Crawl Stone Soup version 0.29.1-15-g9cfb28693d (webtiles) character file.

Game seed: 10810883697918961794

2459 promet the Covert (level 9, 0/45 (52) HPs)
             Began as a Tengu Brigand on Mar 7, 2023.
             Was an Initiate of Ru.
             Slain by a wight
             ... wielding a +5 spear
              (4 damage)
             ... on level 7 of the Dungeon.
             The game lasted 00:34:17 (8609 turns).

promet the Covert (Tengu Brigand)                   Turns: 8609, Time: 00:34:17

HP:   0/45 (52)     AC: 10    Str: 13    XL:     9   Next: 50%
MP:   11/11         EV: 16    Int: 15    God:    Ru [......]
Gold: 317           SH:  0    Dex: 17    Spells: 8/9 levels left

rFire   . . .      SeeInvis .   a - +3 short sword (elec)
rCold   + . .      Faith    .   (no shield)
rNeg    . . .      Spirit   .   l - +3 leather armour
rPois   +          Reflect  .   (helmet restricted)
rElec   +          Harm     .   q - +3 cloak of the Kettle-Drum {rC+ rCorr Int-4}
rCorr   +          Rampage  .   (no gloves)
Will    +....                   (boots unavailable)
Stlth   ++++......              A - amulet of Elyvilon's Benevolence {RegenMP rElec rPois Will+}
HPRegen 0.15/turn               w - +6 ring of intelligence
MPRegen 0.52/turn               (no ring)

@: flying quickly and evasively, heavily drained, quick
A: beak, talons 3, nimble flight
a: Renounce Religion, Sacrifice Nimbleness, Sacrifice Drink, Sacrifice
Experience, Reject Sacrifices


You were on level 7 of the Dungeon.
You worshipped Ru.
Ru was noncommittal.
You visited 1 branch of the dungeon, and saw 7 of its levels.

You collected 317 gold pieces.

Inventory:

Hand Weapons
 a - a +3 short sword of electrocution (weapon)
 b - a +2 dagger of draining
 i - a +0 dagger of venom
 x - a +0 vorpal hand axe
 B - a +0 long sword
Missiles
 d - 22 poisoned darts
 e - 2 curare-tipped darts
 j - 62 stones
 y - 5 boomerangs
 z - 2 throwing nets (quivered)
Armour
 c - a +1 cloak
 l - a +3 leather armour (worn)
 m - a +0 robe
 q - the +3 cloak of the Kettle-Drum (worn) {rC+ rCorr Int-4}
   (You found it on level 6 of the Dungeon)

   Int:       It affects your intelligence (-4).
   rC:        It protects you from cold.
   rCorr:     It protects you from acid and corrosion.
Jewellery
 w - a +6 ring of intelligence (left hand)
 A - the amulet of Elyvilon's Benevolence (around neck) {RegenMP rElec rPois Will+}
   (You found it on level 7 of the Dungeon)

   [amulet of magic regeneration]

   It increases your rate of magic regeneration.
   rElec:     It insulates you from electricity.
   rPois:     It protects you from poison.
   Will:      It increases your willpower.
 C - a ring of wizardry
Wands
 f - a wand of charming (10)
Scrolls
 g - 3 scrolls of teleportation
 s - a scroll of blinking
 v - a scroll of fear
Potions
 k - 3 potions of attraction
 n - 3 potions of heal wounds
 o - 2 potions of curing
 p - 4 potions of might
 r - a potion of flight {unknown}
 t - 2 potions of lignification
 u - a potion of mutation {unknown}


   Skills:
 + Level 4.0 Fighting
 + Level 7.0 Short Blades
 + Level 4.1 Throwing
 + Level 4.5 Armour
 + Level 4.7 Dodging
 + Level 8.3 Stealth
 + Level 0.7 Spellcasting
 + Level 0.8 Conjurations
 + Level 0.9 Fire Magic
 * Level 2.2 Evocations


You had 8 spell levels left.
You knew the following spells:

 Your Spells              Type           Power      Damage    Failure   Level
a - Foxfire               Conj/Fire      12%        2x1d4     22%         1

Your spell library contained the following spells:

 Spells                   Type           Power      Damage    Failure   Level
 Apportation              Tloc           0%         N/A       30%         1
 Necrotise                Necr           0%         1d4       30%         1
 Summon Small Mammal      Summ           0%         N/A       30%         1
 Ensorcelled Hibernation  Hex/Ice        0%         N/A       43%         2
 Passwall                 Tmut/Erth      0%         N/A       43%         2
 Swiftness                Air            0%         N/A       67%         3
 Starburst                Conj/Fire      1%         6d3       100%        6
 Fire Storm               Conj/Fire      1%         8d1       100%        9


Dungeon Overview and Level Annotations

Branches:
Dungeon (7/15)             Temple (0/1) D:7

Altars:
Elyvilon
Fedhas
Gozag
Kikubaaqudgha
Nemelex Xobeh
Ru
Wu Jian

Shops:
D:3 :


Innate Abilities, Weirdness & Mutations

You have a beak for a mouth.
You have claws for feet.
Your magical nature lets you fly swiftly and evasively.


Message History

The wight is lightly damaged.
Casting: Foxfire (safe; 22% risk of failure)
Confirm with . or Enter, or press ? or * to list all spells.
You conjure some foxfire!
The jelly quivers.
The wight closely misses you. x2
The foxfire hits the wight but does no damage.
The foxfire hits the wight.
The wight is moderately damaged.
The wight barely misses you.
The wight hits you from afar with a +5 spear.
The wight hits you from afar with a +0 trident.
The wight barely misses you. The wight misses you.
The wight completely misses you.
You completely miss the wight. You claw the wight, but do no damage.
The wight is moderately damaged.
The wight barely misses you. x2; The wight hits you with a +0 trident.
You feel drained.
You hit the wight but do no damage.
The wight is moderately damaged.
The wight closely misses you.
The wight hits you from afar with a +3 halberd of freezing.
The wight barely misses you.
You puncture the wight! You claw the wight, but do no damage.
The wight is severely damaged.
You hit the wight but do no damage.
The wight is severely damaged.
The wight hits you with a +0 trident!
You feel drained.
The wight hits you from afar with a +3 halberd of freezing!
You feel drained. The wight freezes you. The wight hits you with a +5 spear!
* * * LOW HITPOINT WARNING * * *
The wight misses you.
The wight hits you from afar with a +0 trident.
* * * LOW HITPOINT WARNING * * *
You feel drained.
* * * LOW HITPOINT WARNING * * *
The wight closely misses you.
There is a stone staircase leading up, spattered with blood here.
The wight hits you from afar with a +5 spear.
You die...

.#. ... .#
.#.##..#.##.#
.............
. #........
..#.......
.........#
........z#
......J..#
#...z.@#
#...z..#
###(#### .(.
(... .(...
.... ....


You could see a jelly and 3 wights.

Vanquished Creatures
  A two-headed ogre (D:6)
  Grinder (D:3)
  A water moccasin (D:6)
  A black bear (D:6)
  3 ice beasts
  2 ogres
  A phantom (D:5)
  A kobold brigand (D:5)
  A bullfrog (D:7)
  A necrophage (D:5)
  4 scorpions
  2 wights (D:6)
  2 hounds
  2 orc priests
  3 iguanas (D:5)
  Natasha (D:2)
  3 orc wizards
  5 adders
  A worm (D:2)
  23 orcs
  6 ball pythons
  3 endoplasms
  3 giant cockroaches
  A hobgoblin (D:3)
  6 jackals
  2 quokkas
  5 bats
  5 goblins
  8 kobolds
  6 rats
104 creatures vanquished.

Vanquished Creatures (collateral kills)
  An orc wizard (D:6)
1 creature vanquished.

Vanquished Creatures (others)
  A human (D:6)
  An orc wizard (D:6)
  An orc (D:6)
  34 foxfires
  4 fungi (D:5)
41 creatures vanquished.

Grand Total: 146 creatures vanquished

Notes
Turn   | Place    | Note
-------+----------+-------------------------------------------
     0 | D:1      | promet the Tengu Brigand began the quest for the Orb.
     0 | D:1      | Reached XP level 1. HP: 12/12 MP: 2/2
   195 | D:1      | You fall into a shaft and drop 1 floor!
   278 | D:2      | Reached XP level 2. HP: 18/18 MP: 3/3
   461 | D:2      | Reached XP level 3. HP: 22/22 MP: 4/4
   843 | D:2      | Reached skill level 5 in Stealth
  1021 | D:2      | Noticed Natasha
  1025 | D:2      | Killed Natasha
  1026 | D:2      | Reached XP level 4. HP: 27/27 MP: 5/5
  1666 | D:3      | Noticed Grinder
  1669 | D:3      | Paralysed by Grinder for 2 turns
  1693 | D:3      | Killed Grinder
  1694 | D:3      | Reached skill level 1 in Armour
  1694 | D:3      | Reached skill level 6 in Stealth
  1694 | D:3      | Gained mutation: Your magical nature lets you fly swiftly
                  | and evasively. [Tengu growth]
  1694 | D:3      | Reached XP level 5. HP: 20/31 MP: 6/6
  1694 | D:3      | Reached XP level 6. HP: 23/36 MP: 7/7
  1969 | D:3      | Found Pamies's Book Shop.
  2049 | D:3      | Found an ornate altar of the Wu Jian Council.
  2129 | D:3      | Found a sacrificial altar of Ru.
  2136 | D:3      | Became a worshipper of Ru the Awakened
  3072 | D:4      | Got Plog's Papyrus of Ignition
  3304 | D:4      | Learned a level 1 spell: Foxfire
  3349 | D:4      | Reached XP level 7. HP: 40/40 MP: 8/8
  3971 | D:4      | Found a sparkling altar of Nemelex Xobeh.
  4292 | D:4      | Found a white marble altar of Elyvilon.
  4476 | D:5      | Entered Level 5 of the Dungeon
  4544 | D:5      | Reached skill level 7 in Stealth
  4841 | D:5      | Found a blossoming altar of Fedhas.
  4975 | D:5      | Reached XP level 8. HP: 46/46 MP: 9/9
  5216 | D:5      | Reached skill level 5 in Short Blades
  6604 | D:6      | Identified the +3 cloak of the Kettle-Drum {rC+ rCorr
                  | Int-4}
  6626 | D:6      | Found an opulent altar of Gozag.
  6853 | D:6      | Identified the +1 robe "Caxtou" {Will+ Int-4 SInv}
  7294 | D:6      | Found an ancient bone altar of Kikubaaqudgha.
  7394 | D:7      | Reached skill level 8 in Stealth
  7394 | D:7      | Reached XP level 9. HP: 52/52 MP: 6/10
  7413 | D:7      | Identified the amulet of Elyvilon's Benevolence {RegenMP
                  | rElec rPois Will+}
  7452 | D:7      | Found a staircase to the Ecumenical Temple.
  7933 | D:7      | Noticed a two-headed ogre
  7950 | D:6      | Killed a two-headed ogre
  8609 | D:7      | Slain by a wight

Illustrated notes

Levels and vault maps discovered:
D:1:      tarquinn_simple_flora_water_f, layout_loops_corners,
          dreamdust_ecumenical_altar_grove, minmay_tetromino_t4
D:2:      layout_loops_corners, mrwooster_statue_mirror, uniq_natasha
D:3:      cheibrodos_pilgrimage, layout_loops_ring,
          nicolae_ru_the_path_less_chosen, pdpol_wu_jian_five_deadly_venoms,
          serial_shops, shop, uniq_grinder
D:4:      layout_basic, nemelex_spade_bored_becter, kennysheep_mini, st_stairs_5
D:5:      layout_cave_pools, fedhas_altar_3, kennysheep_opposing_triangles
D:6:      layout_cave_pods, tgw_kikubaaqudgha,
          mainiacjoe_overflow_concentric_impassable
D:7:      layout_rooms, cheibriados_altar_1, lemuel_round_altar, tso_metal_star,
          demons_altar, grunt_temple_overflow_order_and_chaos_1,
          minmay_temple_entry_ruins, uniq_menkaure

Skill      XL: |  1  2  3  4  5  6  7  8  9 |
---------------+----------------------------+-----
Stealth        | 5 6 7 8 |  8.3
Short Blades   | 3 4 6 7 |  7.0
Armour         | 1 2 3 4 |  4.5
Dodging        | 2 3 4 |  4.7
Fighting       | 3 4 |  4.0
Throwing       | 3 4 |  4.1
Evocations     | 2 |  2.2
Spellcasting   | |  0.7
Conjurations   | |  0.8
Fire Magic     | |  0.9

Action                   |  1- 3 |  4- 6 |  7- 9 || total
-------------------------+-------+-------+-------++-------
Melee: Dagger            |     6 |       |     6 ||    12
       Short sword       |    30 |    67 |   201 ||   298
       Kick              |    11 |    17 |    58 ||    86
       Peck              |     2 |     8 |    35 ||    45
Throw: Dart              |       |    10 |    15 ||    25
       Javelin           |       |       |     7 ||     7
       Throwing net      |       |       |     1 ||     1
 Cast: Foxfire           |       |       |    18 ||    18
Evoke: Wand              |       |       |     2 ||     2
  Use: Scroll            |     3 |     5 |     9 ||    17
       Potion            |       |     7 |     2 ||     9
 Stab: Sleeping          |     9 |     7 |     8 ||    24
       Distracted        |     1 |     2 |       ||     3
       Held in net/web   |       |       |     1 ||     1
Armor: Robe              |     1 |       |       ||     1
       Leather armour    |     8 |    33 |    39 ||    80
Dodge: Dodged            |    12 |    47 |   133 ||   192
